 Dungeon Crawl Stone Soup version 0.26.1-11-gd32895ea62 (webtiles) character file.

Game seed: 3916291594833994787

9810 bnorton916 the Covert (level 11, 0/64 HPs)
             Began as a Deep Elf Conjurer on July 19, 2021.
             Was a Priest of Vehumet.
             Hit by a large rock thrown by a cyclops (24 damage)
             ... on level 11 of the Dungeon.
             The game lasted 00:25:39 (14633 turns).

bnorton916 the Covert (Deep Elf Conjurer)          Turns: 14633, Time: 00:25:39

Health: 0/64       AC: 16    Str:  5    XL:     11   Next: 27%
Magic:  14/26      EV: 18    Int: 30    God:    Vehumet [***...]
Gold:   579        SH:  0    Dex: 19    Spells: 17/28 levels left

rFire    . . .     SeeInvis .   z - +7 scimitar of Noos {freeze, *Drain Dex+6 Stlth+}
rCold    . . .     Faith    .   (no shield)
rNeg     + . .     Spirit   .   G - +1 robe "Sulaest" {*Drain rCorr Int+4 Slay+3}
rPois    .         Reflect  .   g - +2 helmet
rElec    .         Harm     .   i - +0 cloak
rCorr    +         Rampage  .   o - +2 pair of gloves {archery}
Will     +....                  f - +1 pair of boots
Stlth    ++++++....             j - amulet of regeneration
HPRegen  0.60/turn              l - ring of positive energy
MPRegen  0.20/turn              D - +4 ring of protection

@: no status effects
A: no striking features
a: Renounce Religion


You were on level 11 of the Dungeon.
You worshipped Vehumet.
Vehumet was most pleased with you.
You visited 2 branches of the dungeon, and saw 12 of its levels.
You also visited: Sewer.

You collected 579 gold pieces.

Inventory:

Hand Weapons
 z - the +7 scimitar of Noos (weapon) {freeze, *Drain Dex+6 Stlth+}
   (You found it on level 5 of the Dungeon)

   It has been specially enchanted to freeze those struck by it, causing extra
   injury to most foes and up to half again as much damage against particularly
   susceptible opponents.
   It can also slow down cold-blooded creatures.
   It affects your dexterity (+6).
   It causes draining when unequipped.
   It makes you more stealthy.
 I - a +2 dagger of holy wrath
 J - a +2 dagger of speed
 O - a +0 shortbow of flaming
Missiles
 b - 4 curare-tipped darts (quivered)
 d - 194 stones
 w - 7 javelins
 P - 24 arrows
Armour
 f - a +1 pair of boots (worn)
 g - a +2 helmet (worn)
 i - a +0 cloak (worn)
 o - a +2 pair of gloves of archery (worn)
 F - a cursed +0 buckler
 G - the +1 robe "Sulaest" (worn) {*Drain rCorr Int+4 Slay+3}
   (You found it on level 6 of the Dungeon)

   It affects your intelligence (+4).
   It affects your accuracy and damage with ranged weapons and melee attacks
   (+3).
   It provides partial protection from all sources of acid and corrosion.
   It causes draining when unequipped.
 L - quicksilver dragon scales
 M - the +6 scale mail of Hubris {*Slow rN+ Regen+, unknown}
   (You found it on level 7 of the Dungeon)

   It protects you from negative energy.
   It increases your rate of regeneration.
   It may slow you when you take damage.
Magical Staves
 E - an uncursed staff of conjuration {unknown}
Jewellery
 j - an amulet of regeneration (around neck)
 l - a ring of positive energy (left hand)
 D - a +4 ring of protection (right hand)
 U - a +4 ring of protection
Wands
 m - a wand of flame (13)
 T - a wand of iceblast (4)
Scrolls
 h - 2 scrolls of teleportation
 k - 6 scrolls of magic mapping
 n - 2 scrolls of immolation {unknown}
 r - 5 scrolls of remove curse
 y - a scroll of fear
 A - 3 scrolls of brand weapon {unknown}
 B - 2 scrolls of fog
 H - 2 scrolls of enchant armour
 K - 2 scrolls of enchant weapon {unknown}
 N - 2 scrolls of amnesia {unknown}
 Q - 3 scrolls of identify
 S - a scroll of blinking
Potions
 a - 2 potions of berserk rage
 c - a potion of flight
 e - a potion of ambrosia
 p - 7 potions of degeneration {unknown}
 q - a potion of brilliance {unknown}
 s - 5 potions of haste
 t - a potion of magic {unknown}
 u - 2 potions of might {unknown}
 v - 4 potions of curing
 x - 3 potions of heal wounds
 C - 2 potions of mutation
 R - a potion of lignification {unknown}
 V - a potion of resistance {unknown}


   Skills:
 - Level 6.0 Fighting
 + Level 2.0 Bows
 - Level 4.0 Throwing
 - Level 7.6 Dodging
 - Level 11.2 Stealth
 - Level 9.1 Spellcasting
 + Level 8.7 Conjurations
 - Level 6.0 Hexes
 - Level 5.0 Translocations


You had 17 spell levels left.
You knew the following spells:

 Your Spells              Type           Power        Failure   Level
a - Magic Dart            Conj           100%         1%          1
b - Searing Ray           Conj           100%         1%          2
c - Fulminant Prism       Conj/Hex       27%          1%          4
d - Iskenderun's Mystic   Conj/Tloc      53%          1%          4

Your spell library contained the following spells:

 Spells                   Type           Power        Failure   Level
 Inner Flame              Hex/Fire       31%          1%          3
 Dazzling Flash           Conj/Hex       100%         1%          3
 Malign Gateway           Summ/Tloc      14%          100%        7
 Monstrous Menagerie      Summ           6%           100%        7
 Summon Greater Demon     Summ           6%           100%        7
 Summon Horrible Things   Summ           6%           100%        8


Dungeon Overview and Level Annotations

Branches:
Dungeon (11/15)            Temple (1/1) D:6           Sewer (visited)
   Lair: D:8-11         Orc: D:9-12

Altars:
Ashenzari
Cheibriados
Dithmenos
Elyvilon
Fedhas
Gozag
Hepliaklqana
Kikubaaqudgha
Makhleb
Nemelex Xobeh
Okawaru
Qazlal
Ru
Sif Muna
Trog
Uskayaw
Vehumet
Wu Jian
Xom
Yredelemnul
Zin
The Shining One

Shops:
D:8 [   D:10 *


Message History

The slime creature hits you!
The slime creature hits you but does no damage.
Your fulminant prism explodes!
The blast of energy engulfs the cyclops!
The cyclops is moderately wounded.
The blast of energy engulfs the howler monkey!!
You kill the howler monkey!
Vehumet accepts your kill.
You feel your power returning.
The blast of energy engulfs the slime creature!!
You kill the slime creature!
Vehumet accepts your kill.
You feel your power returning.
The cyclops throws a large rock.
The large rock barely misses you. The slime creature barely misses you.
You hear an angry hiss.
You hear a roar! x2; You hear a shout!
You hear a croak.
You hear a shout!
Your Bows skill increases to level 2!
The slime creature hits you but does no damage.
The cyclops throws a large rock.
The large rock hits you!!
You die...

#####
#.(.#
#J@.#
#...#
#.†.#
#...#
.C⌠..
#...?.#
##...##
##.##


You could see a slime creature and a cyclops.

Vanquished Creatures
  A boulder beetle (D:7)
  4 two-headed ogres
  A troll (D:10)
  Grinder (D:5)
  2 slime creatures (D:11)
  A wraith (D:10)
  6 yaks (D:9)
  Menkaure (D:7)
  Edmund (D:5)
  4 orc warriors
  A black bear (D:8)
  3 phantoms
  A sky beast (D:8)
  4 ogres
  4 centaurs
  9 big kobolds
  4 bullfrogs
  5 scorpions
  4 wights (D:10)
  6 howler monkeys
  2 bullfrog zombies (D:7)
  3 centaur zombies
  A jelly (D:6)
  5 orc priests
  5 hounds
  4 orc wizards
  5 worker ants
  2 centaur skeletons (D:7)
  Terence (D:3)
  A hound skeleton (D:9)
  5 gnolls
  4 river rats
  13 adders
  A howler monkey skeleton (D:6)
  A shadow imp (D:5)
  3 white imps
  An ufetubus (D:8)
  2 oozes (Sewer)
  An adder zombie (D:7)
  6 worms
  A dart slug (D:1)
  7 leopard geckos
  40 orcs
  5 giant cockroaches
  7 goblins
  5 hobgoblins
  8 jackals
  5 quokkas
  2 ball pythons (Sewer)
  6 bats
  7 frilled lizards
  18 kobolds
  A leopard gecko skeleton (D:7)
  11 rats
252 creatures vanquished.

Vanquished Creatures (others)
  16 fulminant prisms
16 creatures vanquished.

Grand Total: 268 creatures vanquished

Notes
Turn   | Place    | Note
-------+----------+-------------------------------------------
     0 | D:1      | bnorton916 the Deep Elf Conjurer began the quest for the
                  | Orb.
     0 | D:1      | Reached XP level 1. HP: 10/10 MP: 6/6
   786 | D:1      | Reached XP level 2. HP: 14/15 MP: 2/8
   955 | D:1      | Learned a level 2 spell: Searing Ray
  1096 | D:2      | Reached skill level 5 in Conjurations
  1096 | D:2      | Reached XP level 3. HP: 19/19 MP: 3/10
  1546 | D:2      | Reached XP level 4. HP: 24/24 MP: 8/12
  1936 | D:2      | Reached skill level 5 in Spellcasting
  2460 | D:3      | Noticed Terence
  2470 | D:3      | Killed Terence
  2471 | D:3      | Reached XP level 5. HP: 28/28 MP: 8/15
  3165 | D:4      | Found a glowing drain.
  3169 | Sewer    | Entered a sewer
  3413 | Sewer    | Reached XP level 6. HP: 31/32 MP: 9/17
  4063 | Sewer    | Reached XP level 7. HP: 23/36 MP: 8/20
  5246 | D:4      | Reached XP level 8. HP: 41/41 MP: 15/23
  5251 | D:4      | Learned a level 4 spell: Fulminant Prism
  5256 | D:4      | Learned a level 4 spell: Iskenderun's Mystic Blast
  5476 | D:4      | Reached skill level 1 in Translocations
  5854 | D:5      | Entered Level 5 of the Dungeon
  5935 | D:5      | Noticed Edmund
  5944 | D:5      | Killed Edmund
  6080 | D:5      | Noticed Grinder
  6085 | D:5      | Killed Grinder
  6323 | D:5      | Reached skill level 5 in Hexes
  6633 | D:5      | Reached skill level 1 in Throwing
  6743 | D:5      | Got a masterwork scimitar
  6744 | D:5      | Identified the +7 scimitar of Noos {freeze, *Drain Dex+6
                  | Stlth+} (You found it on level 5 of the Dungeon)
  7248 | D:6      | Found a staircase to the Ecumenical Temple.
  7258 | Temple   | Entered the Ecumenical Temple
  7423 | Temple   | Became a worshipper of Vehumet
  7495 | D:6      | Found a sparkling altar of Nemelex Xobeh.
  7508 | D:6      | Found a snail-covered altar of Cheibriados.
  7875 | D:6      | Got a smoking robe
  7886 | D:6      | Identified the +1 robe "Sulaest" {*Drain rCorr Int+4
                  | Slay+3} (You found it on level 6 of the Dungeon)
  8163 | D:6      | Found a glowing silver altar of Zin.
  8309 | D:6      | Found a stormy altar of Qazlal.
  8549 | D:6      | Reached skill level 5 in Translocations
  8549 | D:6      | Reached XP level 9. HP: 45/45 MP: 19/24
  8915 | D:7      | Noticed Menkaure
  8923 | D:7      | Killed Menkaure
  8924 | D:7      | Reached skill level 1 in Fighting
  9562 | D:7      | Noticed a two-headed ogre
  9565 | D:7      | Noticed a boulder beetle
  9569 | D:7      | Killed a two-headed ogre
  9570 | D:7      | Reached skill level 5 in Dodging
  9750 | D:7      | Reached * piety under Vehumet
  9750 | D:7      | Offered knowledge of Freeze by Vehumet.
 10024 | D:7      | Got a brightly glowing scale mail
 10123 | D:7      | Killed a boulder beetle
 10124 | D:7      | Reached XP level 10. HP: 56/56 MP: 25/25
 10695 | D:8      | Found Qam Luat's Antique Armour Emporium.
 10747 | D:8      | Found an ancient bone altar of Kikubaaqudgha.
 11220 | D:9      | You fall into a shaft and drop 1 floor!
 11220 | D:10     | Entered Level 10 of the Dungeon
 11245 | D:10     | Reached skill level 3 in Stealth
 11632 | D:10     | Reached skill level 5 in Fighting
 11646 | D:10     | Reached skill level 4 in Stealth
 11761 | D:10     | Found Dixem's Island Escapes.
 11772 | D:10     | Reached ** piety under Vehumet
 11772 | D:10     | Offered knowledge of Foxfire by Vehumet.
 11797 | D:10     | Reached skill level 5 in Stealth
 12128 | D:9      | Noticed a two-headed ogre
 12130 | D:9      | Reached skill level 6 in Stealth
 12184 | D:10     | Noticed a two-headed ogre
 12197 | D:10     | Killed a two-headed ogre
 12198 | D:10     | Reached skill level 8 in Stealth
 12711 | D:9      | Killed a two-headed ogre
 12712 | D:9      | Reached skill level 9 in Stealth
 12712 | D:9      | Reached XP level 11. HP: 56/64 MP: 1/26
 13034 | D:9      | Noticed a two-headed ogre
 13046 | D:10     | Killed a two-headed ogre
 13047 | D:10     | Reached skill level 10 in Stealth
 13429 | D:9      | Offered knowledge of Static Discharge by Vehumet.
 13960 | D:9      | Reached skill level 11 in Stealth
 13978 | D:9      | Reached *** piety under Vehumet
 14312 | D:9      | Found a white marble altar of Elyvilon.
 14631 | D:11     | Offered knowledge of Inner Flame by Vehumet.
 14632 | D:11     | Reached skill level 1 in Bows
 14633 | D:11     | Hit by a large rock thrown by a cyclops

Illustrated notes

Levels and vault maps discovered:
D:1:      dpeg_arrival_concentric_ovals, layout_rooms, minmay_quantized
D:2:      layout_rooms
D:3:      layout_basic, uniq_terence
D:4:      layout_loops_ring, gup_sewer_entry_spiral
D:5:      layout_gridville, uniq_edmund, uniq_grinder
D:6:      layout_basic, nicolae_overflow_quartered_altars,
          minmay_temple_entry_arrows, serial_co_window_serial,
          co_window_corner_a, co_window_paths_a, co_window_of_opportunity_a,
          co_window_paths_a, co_window_of_opportunity_a, co_window_corner_a,
          co_window_paths_b, co_window_broadway_b, co_window_of_opportunity_b,
          co_window_corner_ca, co_window_paths_c, co_window_of_opportunity_b,
          glass_columns_a, glass_columns_b, glass_columns_b
D:7:      wad_guarded_room, layout_layer_cave, uniq_menkaure
D:8:      layout_cave_pools, kiku_gazebo_pond_becter, serial_shops,
          shop_fountains
D:9:      layout_cave_pools, elyvilon_altar_3, special_room [special_room_orc],
          minivault_19
D:10:     layout_basic, nicolae_island_escapes
D:11:     minmay_the_grid_square_5x5_4x4_mashed
          [minmay_the_grid_square_5x5_misaligned,
          minmay_the_grid_square_5x5_tie,
          minmay_the_grid_square_5x5_hollow_slash,
          minmay_the_grid_square_5x5_meh,
          minmay_the_grid_square_5x5_three_small,
          minmay_the_grid_square_5x5_prize_deathbox,
          minmay_the_grid_square_5x5_prize_open,
          minmay_the_grid_square_5x5_spiral, minmay_the_grid_square_5x5_corner,
          minmay_the_grid_square_5x5_prize_gold,
          minmay_the_grid_square_5x5_prize_rear_guard,
          minmay_the_grid_square_5x5_lines,
          minmay_the_grid_square_5x5_checkered,
          minmay_the_grid_square_5x5_n_small,
          minmay_the_grid_square_5x5_sharp_hourglass,
          minmay_the_grid_square_5x5_tetrominoes], layout_basic,
          lair_entry_dummy, serial_corexii_hall, chequers_hall_statues_corner_a,
          chequers_hall_statues_corner_a, grunt_ministairs_14
Temple:   eino_temple_scatter_basement

Skill      XL: |  1  2  3  4  5  6  7  8  9 10 11 |
---------------+----------------------------------+-----
Spellcasting   | 4 5 6 7 9 |  9.1
Conjurations   | 5 6 7 8 |  8.7
Hexes          | 5 6 |  6.0
Translocations | 5 |  5.0
Throwing       | 2 4 |  4.0
Fighting       | 4 6 |  6.0
Dodging        | 7 |  7.6
Stealth        | 9 11 | 11.2
Bows           | 2 |  2.0

Action                   |  1- 3 |  4- 6 |  7- 9 | 10-12 || total
-------------------------+-------+-------+-------+-------++-------
Melee: Scimitar          |       |       |    10 |    14 ||    24
Throw: Dart              |       |       |     5 |     7 ||    12
       Javelin           |       |       |     2 |       ||     2
 Cast: Magic Dart        |    70 |   157 |   205 |   145 ||   577
       Searing Ray       |     1 |     1 |    20 |    21 ||    43
       Fulminant Prism   |       |       |     2 |    14 ||    16
       Iskenderun's Myst |       |       |     2 |    13 ||    15
  Use: Scroll            |       |     2 |     9 |     5 ||    16
Armor: Robe              |     3 |     8 |    35 |    26 ||    72
Dodge: Dodged            |     8 |    14 |    59 |    93 ||   174
       Rpst.: Scimitar   |       |       |     7 |    16 ||    23
